 Dungeon Crawl Stone Soup version 0.25.1-2-g60ff931df9 (webtiles) character file.

Game seed: 17751372890129307912

6461 DerDa the Frost Mage (level 11, -5/81 HPs)
             Began as a Merfolk Ice Elementalist on Oct 2, 2020.
             Was an Elder of Sif Muna.
             Killed from afar by an electric eel (8 damage)
             ... with a bolt of electricity
             ... on level 9 of the Dungeon.
             The game lasted 00:40:29 (13585 turns).

DerDa the Frost Mage (Merfolk Ice Elementalist)    Turns: 13585, Time: 00:40:29

Health: -5/81      AC:  8    Str:  9    XL:     11   Next: 0%
Magic:  3/22       EV: 17    Int: 17    God:    Sif Muna [****..]
Gold:   0          SH:  0    Dex: 21    Spells: 10/25 levels left

rFire    . . .     SeeInvis .   r - +0 whip (venom)
rCold    . . .     Gourm    .   (no shield)
rNeg     . . .     Faith    +   a - +0 robe
rPois    .         Spirit   .   (no helmet)
rElec    .         Reflect  .   l - +0 cloak
rCorr    .         Harm     .   s - +0 pair of gloves
MR       .....                  (no boots)
Stlth    ++........             G - amulet of faith
HPRegen  0.23/turn              e - +4 ring of protection
MPRegen  0.18/turn              y - +6 ring of dexterity

@: very slightly contaminated, heavily drained
A: change form in water, swift swim, stealthy swim
a: Channel Magic, Forget Spell, Divine Exegesis, Renounce Religion


You were on level 9 of the Dungeon.
You worshipped Sif Muna.
Sif Muna was greatly pleased with you.
You were hungry.

You visited 2 branches of the dungeon, and saw 10 of its levels.
You also visited: Ossuary.

You collected 162 gold pieces.
You spent 162 gold pieces at shops.

Inventory:

Hand Weapons
 f - a +0 hunting sling
 r - a +0 whip of venom (weapon)
Missiles
 b - 331 stones
 p - 104 sling bullets
 t - 37 poisoned darts (quivered)
Armour
 a - a +0 robe (worn)
 l - a +0 cloak (worn)
 s - a +0 pair of gloves (worn)
 D - a +0 kite shield
Jewellery
 e - a +4 ring of protection (left hand)
 y - a +6 ring of dexterity (right hand)
 G - an amulet of faith (around neck)
 L - an uncursed ring of fire
Wands
 h - a wand of acid (4)
 K - a wand of enslavement (8)
Scrolls
 g - 3 scrolls of enchant armour
 j - 4 scrolls of amnesia
 o - 2 scrolls of enchant weapon
 x - 3 scrolls of teleportation
 A - 3 scrolls of immolation
 C - a scroll of fear
 F - 2 scrolls of identify
 H - 3 scrolls of fog {unknown}
 N - 4 scrolls of blinking
Potions
 d - 4 potions of mutation {unknown}
 k - 3 potions of lignification
 m - 5 potions of curing
 n - 3 potions of heal wounds
 u - a potion of invisibility
 v - 2 potions of flight
 w - a potion of resistance {unknown}
 z - a potion of haste {unknown}
 B - 2 potions of ambrosia {unknown}
 E - a potion of might {unknown}
 I - a potion of brilliance {unknown}
Comestibles
 c - 18 rations


   Skills:
 + Level 5.9(4.5) Fighting
 + Level 7.9(6.4) Dodging
 - Level 2.1(0.9) Stealth
 * Level 7.7(6.2) Spellcasting
 * Level 5.4(4.0) Conjurations
 * Level 10.2(8.6) Ice Magic
 + Level 5.0(3.6) Invocations


You had 10 spell levels left.
You knew the following spells:

 Your Spells              Type           Power        Failure   Level  Hunger
a - Freeze                Ice            ####         1%          1    None
b - Frozen Ramparts       Ice            ####..       1%          3    ##.....
c - Ozocubu's Armour      Chrm/Ice       ###.....     6%          3    ##.....
d - Hailstorm             Conj/Ice       ####....     9%          4    ####...
e - Summon Ice Beast      Ice/Summ       ###.....     22%         4    ####...

Your spell library contained the following spells:

 Spells                   Type           Power        Failure   Level  Hunger


Dungeon Overview and Level Annotations

Branches:
Dungeon (9/15)             Temple (1/1) D:4         Ossuary (visited)
   Lair: D:8-11         Orc: D:9-12

Altars:
Ashenzari
Cheibriados
Dithmenos
Elyvilon
Fedhas
Gozag
Hepliaklqana
Kikubaaqudgha
Makhleb
Nemelex Xobeh
Okawaru
Qazlal
Ru
Sif Muna
Trog
Uskayaw
Vehumet
Wu Jian
Xom
Zin
The Shining One

Shops:
D:7 ?


Message History

The electric eel completely resists.
The bolt of electricity hits the plant!
You hit the electric eel.
The electric eel is poisoned.
The electric eel is lightly wounded.
The electric eel shoots out a bolt of lightning at you!
The bolt of electricity hits you!
* * * LOW HITPOINT WARNING * * *
The bolt of electricity hits you.
* * * LOW HITPOINT WARNING * * *
The electric eel shoots out a bolt of lightning at you!
The bolt of electricity hits your ice beast!
The bolt of electricity misses you.
You are feeling hungry.
The electric eel shoots out a bolt of lightning at you!
The bolt of electricity hits your ice beast!
Your ice beast dies!
The bolt of electricity hits you.
* * * LOW HITPOINT WARNING * * *
The electric eel shoots out a bolt of lightning at you!
The bolt of electricity hits you!
You die...

♣≈#.....))....#
≈.###.###...####..#
#...#.###......... ≈≈≈P
#...#......##.#.## ≈≈≈≈
♣...#.####.##.#.# ≈≈≈≈≈
♣###.####<..#.#.# ≈≈≈≈≈
♣...####...#..#.####
≈≈≈≈≈≈♣♣#.......#.#........
≈≈≈≈≈≈♣≈..@.......#...#####
≈≈≈≈;≈≈♣.#######...#..#
≈≈≈≈≈P);.# #.###.....
≈≈≈≈≈≈♣P.# #.# ##.####
≈≈≈≈≈P≈≈.# #.# ...
≈≈≈≈P♣P..# #.# .... ≈≈≈≈
≈≈.## #.. ..... ≈≈P PP≈.#
### /...... ≈≈ ≈≈PP.#


You could see 2 electric eels.

Vanquished Creatures
  A two-headed ogre (D:8)
  Maurice (D:9)
  Prince Ribbit (D:7)
  Sigmund (D:4)
  A human (D:7)
  A yak (D:7)
  Eustachio (D:4)
  3 hogs (D:7)
  Menkaure (D:6)
  Duvessa (D:6)
  A nameless horror (D:5)
  2 orc warriors
  2 ice beasts
  4 sky beasts
  A black bear (D:7)
  2 phantoms (D:5)
  3 centaurs
  An ogre (D:4)
  6 bullfrogs
  A wyvern zombie (D:6)
  Dowan (D:6)
  A scorpion (D:7)
  11 wights
  An electric eel (D:9)
  5 howler monkeys
  2 human zombies (Ossuary)
  5 crimson imps
  A jelly (D:5)
  4 orc priests (D:9)
  8 hounds
  6 orc wizards
  Jessica (D:3)
  An iguana (D:5)
  7 worker ants
  A big kobold zombie (Ossuary)
  5 mummies (Ossuary)
  11 adders
  8 gnolls
  3 oozes
  An adder zombie (D:7)
  5 adder skeletons
  3 worms
  A dart slug (D:2)
  9 leopard geckos
  29 orcs
  5 giant cockroaches
  3 gnoll zombies (Ossuary)
  8 goblins
  7 hobgoblins
  10 jackals
  9 kobolds
  4 quokkas
  A ball python (D:1)
  12 bats
  8 frilled lizards
  A jackal skeleton (D:4)
  A jackal zombie (D:5)
  2 leopard gecko skeletons
  2 orc zombies (Ossuary)
  A quokka skeleton (D:5)
  7 rats
  A plant (D:9)
247 creatures vanquished.

Vanquished Creatures (collateral kills)
  A hungry ghost (D:8)
  3 wights
  A bullfrog zombie (D:8)
5 creatures vanquished.

Vanquished Creatures (others)
  2 plants (D:9)
2 creatures vanquished.

Grand Total: 254 creatures vanquished

Notes
Turn   | Place    | Note
-------+----------+-------------------------------------------
     0 | D:1      | DerDa the Merfolk Ice Elementalist began the quest for the
                  | Orb.
     0 | D:1      | Reached XP level 1. HP: 13/13 MP: 3/3
   208 | D:1      | Reached XP level 2. HP: 19/19 MP: 3/5
   509 | D:1      | Reached skill level 5 in Ice Magic
   566 | D:1      | Reached XP level 3. HP: 22/24 MP: 0/6
  1533 | D:2      | Reached XP level 4. HP: 26/31 MP: 1/7
  1616 | D:2      | Reached skill level 1 in Fighting
  1946 | D:2      | Learned a level 3 spell: Frozen Ramparts
  1950 | D:2      | Learned a level 3 spell: Ozocubu's Armour
  2231 | D:2      | Reached XP level 5. HP: 37/37 MP: 9/9
  2372 | D:2      | Found a shadowy altar of Dithmenos.
  3046 | D:3      | Found a glowing silver altar of Zin.
  3046 | D:3      | Found a blossoming altar of Fedhas.
  3311 | D:3      | Noticed Jessica
  3711 | D:4      | Found a hide-covered altar of Uskayaw.
  3741 | D:4      | Reached skill level 6 in Ice Magic
  3776 | D:4      | Found a hazy altar of Hepliaklqana.
  3808 | D:4      | Noticed Sigmund
  3844 | D:4      | Killed Sigmund
  3844 | D:4      | Reached XP level 6. HP: 44/44 MP: 7/11
  4027 | D:4      | Noticed a phantom
  4037 | D:4      | Reached XP level 7. HP: 48/51 MP: 9/13
  4497 | D:4      | Found a staircase to the Ecumenical Temple.
  4505 | Temple   | Entered the Ecumenical Temple
  4528 | Temple   | Became a worshipper of Sif Muna the Loreminder
  5066 | D:4      | Noticed Eustachio
  5088 | D:4      | Killed Eustachio
  5088 | D:4      | Reached skill level 7 in Ice Magic
  5467 | D:3      | Learned a level 4 spell: Hailstorm
  5472 | D:3      | Learned a level 4 spell: Summon Ice Beast
  5482 | D:3      | Found a shimmering blue altar of Sif Muna.
  5487 | D:3      | Killed Jessica
  5516 | D:5      | Entered Level 5 of the Dungeon
  5638 | D:5      | Reached XP level 8. HP: 58/58 MP: 11/15
  5691 | D:5      | Found a sand-covered staircase.
  5696 | Ossuary  | Entered an ossuary
  5790 | Ossuary  | Reached skill level 5 in Dodging
  5790 | Ossuary  | Reached skill level 1 in Conjurations
  6063 | Ossuary  | Reached * piety under Sif Muna
  6078 | Ossuary  | Reached skill level 1 in Invocations
  6124 | Ossuary  | Reached skill level 5 in Spellcasting
  7296 | D:5      | Noticed a nameless horror
  7303 | D:5      | Killed a nameless horror
  7585 | D:5      | Reached skill level 8 in Ice Magic
  8224 | D:5      | Reached XP level 9. HP: 63/65 MP: 17/17
  8515 | D:6      | Noticed Menkaure
  8548 | D:6      | Killed Menkaure
  9053 | D:6      | Reached ** piety under Sif Muna
  9253 | D:6      | Noticed Duvessa
  9254 | D:6      | Noticed Dowan
  9262 | D:6      | Killed Duvessa
  9267 | D:6      | Killed Dowan
 10686 | D:7      | Reached skill level 9 in Ice Magic
 10759 | D:7      | Noticed Prince Ribbit
 10776 | D:7      | Killed Prince Ribbit
 10776 | D:7      | Reached skill level 5 in Fighting
 10776 | D:7      | Reached XP level 10. HP: 12/74 MP: 11/20
 11571 | D:7      | Found Sann's Magic Scroll Emporium.
 11574 | D:7      | Bought 2 scrolls of identify for 48 gold pieces
 11574 | D:7      | Bought a scroll of identify for 24 gold pieces
 11574 | D:7      | Bought a scroll of blinking for 90 gold pieces
 11800 | D:8      | Noticed a two-headed ogre
 11809 | D:8      | Reached *** piety under Sif Muna
 11830 | D:8      | Killed a two-headed ogre
 11830 | D:8      | Reached skill level 5 in Conjurations
 12289 | D:8      | Found a burning altar of Makhleb.
 12409 | D:8      | Found an opulent altar of Gozag.
 12931 | D:9      | Noticed Maurice
 12937 | D:9      | Reached skill level 10 in Ice Magic
 12949 | D:9      | Killed Maurice
 12949 | D:9      | Reached **** piety under Sif Muna
 13274 | D:9      | Reached skill level 5 in Invocations
 13577 | D:9      | Reached XP level 11. HP: 57/81 MP: 9/22
 13583 | D:9      | HP: 4/81 [electric eel/bolt of electricity (5)]
 13585 | D:9      | Killed from afar by an electric eel

Illustrated notes

Levels and vault maps discovered:
D:1:      erik_arrival_orb_chamber, layout_basic
D:2:      layout_rooms, marbit_many_paths, first_ration, uniq_crazy_yiuf_cottage
D:3:      layout_loops_cross, gammafunk_temple_overflow_pools, tgw_sif
D:4:      minmay_opposing_rooms, layout_basic, eat_drink_and_be_merry_uskayaw,
          lemuel_round_altar, minmay_temple_entry_grid, uniq_eustachio,
          uniq_sigmund
D:5:      layout_loops_corners, enter_ossuary_2
D:6:      layout_basic, uniq_menkaure, uniq_duvessa
D:7:      layout_basic, serial_shops, nicolae_shop_behind_doors,
          grunt_livestock, uniq_prince_ribbit1
D:8:      layout_basic, lemuel_round_altar, lemuel_coloured_pillars_altar
D:9:      layout_loops_ring, lemuel_zombie_altar_yredelemnul, lair_entry_dummy,
          erik_orc_2, serial_bayou_lake_a, uniq_maurice
Temple:   eino_temple_water

Skill      XL: |  1  2  3  4  5  6  7  8  9 10 |
---------------+-------------------------------+-----
Ice Magic      | 5 6 7 8 9 10 | 10.2
Dodging        | 3 4 5 6 7 |  7.9
Fighting       | 1 2 3 4 5 |  5.9
Spellcasting   | 3 4 5 6 7 |  7.7
Conjurations   | 2 4 5 |  5.4
Invocations    | 2 3 5 |  5.0
Stealth        | |  2.1

Action                   |  1- 3 |  4- 6 |  7- 9 | 10-12 || total
-------------------------+-------+-------+-------+-------++-------
Melee: Unarmed           |     5 |       |       |       ||     5
       Club              |       |     9 |       |       ||     9
       Whip              |       |   104 |   550 |   169 ||   823
Throw: Dart              |       |       |     4 |     1 ||     5
 Cast: Freeze            |    50 |    62 |    20 |    10 ||   142
       Frozen Ramparts   |       |     3 |    41 |    19 ||    63
       Hailstorm         |       |       |     7 |     6 ||    13
       Summon Ice Beast  |       |       |    11 |     6 ||    17
       Ozocubu's Armour  |       |       |     2 |     7 ||     9
Evoke: Wand              |       |       |     5 |       ||     5
  Use: Scroll            |       |       |    11 |     3 ||    14
       Potion            |       |       |     6 |     1 ||     7
 Stab: Sleeping          |       |     4 |     7 |       ||    11
       Distracted        |       |       |     2 |     2 ||     4
       Invisible         |       |       |     1 |       ||     1
  Eat: Chunk             |     2 |     9 |    20 |     9 ||    40
       Ration            |       |       |     3 |     1 ||     4
Armor: Robe              |     9 |    44 |   135 |    52 ||   240
       Skin              |       |       |    17 |       ||    17
Dodge: Dodged            |    33 |   107 |   423 |   153 ||   716
